Map: Temple gelé

Players

FishKiller - Winner!

  • Race: Zerg Zerg
  • League: Master

DiamondPolt

  • Race: Terran Terran
  • League: Diamond

VOD

Have the link to the VOD?

Description

Time

  • Played on: April 20, 2016, 2:19 p.m.
  • Length: 12:28
Show
View Real Time Build Order
Export as new Build Order

FishKiller Zerg - Winner!

Build Orders: Pool First 

Get SALT Encoding   

  12  0:01  Drone  
  13  0:12  Overlord  
  13  0:18  Drone  
  14  0:31  Drone x2  
  16  0:36  Drone  
  16  0:38  Extractor  
  16  0:48  Spawning Pool  
  15  0:54  Drone  
  16  1:16  Hatchery  
  15  1:19  Drone  
  16  1:35  Roach Warren  
  15  1:43  Queen  
  17  1:52  Overlord  
  21  2:15  Roach x2  
  21  2:16  Roach  
  23  2:26  Roach  
  25  2:35  Drone  
  26  2:41  Drone x2  
  28  2:46  Queen  
  30  2:51  Overlord  
  30  3:09  Ravager x3  
  33  3:19  Drone x6  
  39  3:32  Ravager  
  40  3:46  Drone x4  
  40  3:47  Overlord x2  
  44  4:14  Lair  
  44  4:17  Drone  
  44  4:18  Drone x2  
  44  4:19  Drone, Extractor, Queen  
  44  4:20  Extractor  
  48  4:32  Drone x2  
  48  4:33  Drone, Overlord  
  48  4:37  Extractor  
  50  4:56  Evolution Chamber  
  49  5:01  Drone x3  
  49  5:02  Drone x2, Hatchery, Overlord  
  50  5:20  Roach x3  
  50  5:21  Glial Reconstitution, Zerg Missile Weapons Level 1  
  56  5:30  Roach  
  56  5:31  Roach x2  
  62  5:41  Drone x3, Hydralisk Den  
  64  5:48  Drone  
  64  5:49  Drone x2  
  67  6:13  Overlord x3  
  67  6:18  Roach x3  
  73  6:22  Muscular Augments  
  73  6:26  Drone  
  73  6:27  Overlord x2  
  74  6:36  Drone x4  
  74  6:39  Ravager x4  
  82  6:40  Ravager  
  83  6:53  Drone x5, Infestation Pit  
  87  7:07  Queen  
  89  7:12  Drone x2  
  89  7:13  Hydralisk x2  
  89  7:14  Hydralisk x2  
  99  7:19  Zerg Missile Weapons Level 2  
  99  7:22  Drone  
  100  7:29  Evolution Chamber  
  99  7:30  Drone  
  96  7:58  Roach x5  
  104  7:59  Roach x4  
  104  8:02  Overlord x4  
  103  8:21  Hydralisk x2  
  103  8:23  Drone x5  
  103  8:24  Drone x2  
  103  8:25  Extractor  
  113  8:27  Extractor  
  113  8:32  Hive  
  112  8:36  Hatchery  
  111  8:51  Drone x2  
  111  8:52  Overlord  
  111  8:53  Overseer x2, Overlord  
  113  8:58  Zerg Ground Armor Level 1  
  113  8:59  Spire  
  112  9:03  Drone x4  
  116  9:25  Pneumatized Carapace  
  116  9:26  Overlord x2  
  114  9:43  Overlord  
  114  9:44  Hydralisk x4, Overlord  
  122  9:46  Viper x2, Overlord  
  122  9:47  Viper  
  122  9:49  Drone x3  
  122  9:50  Drone x2  
  136  9:56  Evolution Chamber  
  135  10:09  Drone x6  
  135  10:10  Drone x4  
  145  10:14  Greater Spire  
  145  10:18  Hatchery  
  144  10:28  Drone x4, Corruptor x2  
  148  10:29  Corruptor  
  152  10:51  Evolution Chamber  
  152  10:53  Evolution Chamber  
  152  10:56  Corruptor x3  
  154  10:57  Hydralisk x3  
  162  11:26  Brood Lord x3  
  162  11:28  Zergling x2  
  162  11:32  Drone x7  
  176  11:37  Spore Crawler, Extractor x2  
  176  11:39  Drone x6, Spore Crawler  
  179  11:40  Drone, Spine Crawler  
  179  11:41  Spine Crawler  
  177  11:51  Hydralisk x3  
  183  11:57  Hatchery  
  183  11:58  Corruptor  
  183  11:59  Corruptor x2  
  190  12:05  Hatchery  
Show
View Real Time Build Order
Export as new Build Order

DiamondPolt Terran 

Build Orders: Reaper Expand, MMM Bio 

Get SALT Encoding   

  12  0:00  SCV  
  13  0:13  SCV  
  14  0:17  Supply Depot  
  14  0:25  SCV  
  15  0:39  SCV  
  15  0:41  Barracks  
  16  0:44  Refinery  
  16  0:51  SCV  
  17  1:03  SCV  
  18  1:15  SCV  
  19  1:29  Reaper, Orbital Command  
  20  1:41  Command Center  
  20  1:55  SCV  
  20  1:59  Supply Depot  
  20  2:01  Marine  
  22  2:08  SCV  
  23  2:09  Factory  
  23  2:14  Refinery  
  23  2:21  SCV, Marine  
  25  2:36  SCV  
  26  2:38  Supply Depot  
  26  2:40  Marine  
  27  2:52  Factory Tech Lab  
  27  2:53  Bunker  
  27  2:55  Barracks  
  27  2:58  Marine  
  28  3:10  Siege Tank, SCV  
  32  3:17  Marine  
  33  3:24  Orbital Command  
  33  3:26  Bunker  
  33  3:30  Bunker  
  32  3:41  Supply Depot  
  32  3:45  Marine  
  33  3:49  Siege Tank  
  33  3:53  Supply Depot  
  35  4:03  Marine  
  35  4:17  Barracks, Marine  
  35  4:21  Siege Tank, Marine  
  36  4:35  Marine  
  37  4:39  Marine  
  37  4:40  Starport  
  38  4:53  Siege Tank, Marine  
  38  4:54  Supply Depot  
  38  4:57  Marine  
  43  5:11  Barracks Tech Lab, Marine  
  44  5:16  Medivac, Marine  
  47  5:25  Siege Tank  
  50  5:32  Supply Depot, Stimpack  
  50  5:38  Marine  
  51  5:46  Medivac, Marine  
  54  6:10  Orbital Command  
  52  6:15  Marine x2  
  53  6:22  Starport Reactor  
  53  6:24  Marine  
  54  6:27  Engineering Bay  
  54  6:33  Marine  
  54  6:35  SCV x2  
  57  6:47  SCV  
  57  6:52  SCV  
  59  6:56  Bunker  
  59  6:58  Supply Depot  
  59  6:59  SCV  
  59  7:00  Supply Depot  
  60  7:04  SCV  
  61  7:11  Marine  
  62  7:19  Supply Depot  
  62  7:20  SCV x2, Medivac, Marine  
  62  7:21  Supply Depot  
  62  7:22  Terran Infantry Weapons Level 1  
  67  7:23  Marine  
  67  7:25  Siege Tank  
  67  7:28  Marine  
  72  7:32  SCV x2  
  74  7:38  Marine  
  74  7:40  Marine  
  68  7:44  SCV  
  68  7:46  Marine  
  68  7:50  SCV  
  69  7:53  Supply Depot  
  69  7:55  Marine  
  69  7:56  SCV  
  69  7:57  Combat Shields  
  71  7:58  Marine  
  71  8:01  Barracks  
  71  8:02  SCV  
  71  8:04  Marine  
  74  8:07  Command Center  
  74  8:08  SCV  
  74  8:09  Refinery  
  74  8:10  Refinery  
  75  8:13  Marine  
  75  8:14  SCV  
  75  8:16  Marine  
  77  8:22  Marine  
  77  8:26  SCV  
  77  8:29  Medivac x2  
  77  8:31  Marine  
  82  8:34  Marine  
  82  8:40  Marine  
  84  8:44  Barracks  
  84  8:48  Liberator x2  
  84  8:58  Marine  
  84  8:59  Marine  
  84  9:00  Barracks Reactor  
  86  9:03  Siege Tank  
  86  9:07  SCV  
  96  9:14  Armory  
  96  9:17  Marine x3  
  96  9:19  Orbital Command  
  96  9:23  Engineering Bay  
  99  9:35  Marine x3  
  102  9:38  Marine x2  
  102  9:39  Orbital Command  
  104  9:53  Marine x2  
  106  10:15  SCV x3  
  109  10:21  Liberator  
  109  10:24  Marine x4  
  109  10:25  Marine  
  109  10:27  SCV x2  
  113  10:35  SCV  
  113  10:38  Medivac  
  113  10:39  SCV x2  
  113  10:42  Marine  
  117  10:49  Supply Depot  
  117  10:50  Supply Depot  
  117  10:51  Command Center  
  117  10:53  Liberator  
  117  10:57  Supply Depot  
  117  10:58  Supply Depot  
  117  11:02  Barracks Reactor  
  117  11:08  Barracks  
  117  11:10  Marine x3  
  117  11:11  Marauder, Marine, SCV x3  
  125  11:12  Barracks  
  125  11:13  Supply Depot  
  125  11:14  Supply Depot  
  129  11:28  Marine x3  
  129  11:32  Marine  
  132  11:33  Marauder  
  132  11:36  Refinery  
  132  11:37  Refinery  
  135  11:46  Marine x3  
  138  11:49  Marine x2  
  138  11:50  Siege Tank, Marine  
  144  11:54  Marauder  
  144  11:56  Factory, Medivac  
  144  11:57  Barracks Tech Lab  
  144  12:00  Barracks Tech Lab  
  151  12:04  Marine x2  
Tags
 
Add a new tag
Caveats
  • Supply blocks, unpowered buildings, or Contaminate may cause inaccurate times.
  • Supply counts are checked every 10 seconds.